 Dungeon Crawl Stone Soup version 0.27-a0-1149-g4505690ab0 (webtiles) character file.

Game seed: 7521154502777468818

46 robertstho the Magician (level 3, -4/25 HPs)
             Began as a Djinni Fire Elementalist on May 13, 2021.
             Slain by Robin
             ... wielding a +0 short sword
              (7 damage)
             ... on level 1 of the Dungeon.
             The game lasted 00:04:05 (1550 turns).

robertstho the Magician (Djinni Fire Elementalist)  Turns: 1550, Time: 00:04:06

Health: -4/25      AC:  3    Str:  7    XL:     3   Next: 92%
Gold:   18         EV: 16    Int: 17    God:
                   SH:  0    Dex: 13

rFire    + + .     SeeInvis .   (no weapon)
rCold    x . .     Faith    .   (no shield)
rNeg     . . .     Spirit   .   a - +0 robe
rPois    ∞         Reflect  .   (no helmet)
rElec    .         Harm     .   (no cloak)
rCorr    +         Rampage  .   c - +0 pair of gloves
Will     .....                  (boots unavailable)
Stlth    ++........             (no amulet)
HPRegen  0.08/turn              d - ring of resist corrosion
MPRegen  0.00/turn              f - +4 ring of evasion

@: brilliant, flying
A: sickness immunity, fire resistance 2, cold vulnerability 1, float, innate
caster, hp casting, extra vitality 1
a: no special abilities


You were on level 1 of the Dungeon.
You visited 1 branch of the dungeon, and saw 2 of its levels.

You collected 18 gold pieces.

Inventory:

Armour
 a - a +0 robe (worn)
 c - a +0 pair of gloves (worn)
Jewellery
 d - a ring of resist corrosion (left hand)
 f - a +4 ring of evasion (right hand)
Potions
 b - a potion of attraction


   Skills:
 + Level 0.2 Fighting
 + Level 2.4 Dodging
 + Level 1.7 Stealth
 + Level 3.3 Spellcasting


You couldn't memorise any spells.
You knew the following spells:

 Your Spells              Type           Power      Damage    Failure   Level
a - Foxfire               Conj/Fire      84%        2x1d8     4%          1
b - Conjure Flame         Conj/Fire      21%        6-21      13%         3
c - Inner Flame           Hex/Fire       21%        N/A       13%         3
d - Sticky Flame          Conj/Fire      21%        2d4       38%         4
e - Fireball              Conj/Fire      10%        3d6       75%         5
f - Shock                 Conj/Air       84%        1d8       4%          1
Your spell library was empty.

Dungeon Overview and Level Annotations

Branches:
Dungeon (2/15)

Altars:

Annotations:
D:1 Robin


Innate Abilities, Weirdness & Mutations

You are immune to sickness and miasma.
You are immune to poison.
Your flesh is very heat resistant. (rF++)
You are vulnerable to cold. (rC-)
You float through the air rather than walking.
You learn spells naturally, not from books.
Your magical power is your life essence.
You have superior vitality. (+4 HP)


Message History

* * * LOW HITPOINT WARNING * * *
The foxfire hits Robin but does no damage.
Robin is heavily wounded.
Casting: Foxfire (safe; 4% risk of failure)
Confirm with . or Enter, or press ? or * to list all spells.
Okay, then.
It was a potion of attraction.
You feel attractive to monsters.
The foxfire hits Robin but does no damage.
Robin is heavily wounded.
It was a potion of brilliance.
You feel clever all of a sudden. Robin misses you.
As you read the scroll labelled SIYPAMI XU TIA, it crumbles to dust.
It is a scroll of enchant weapon.
You aren't carrying any weapons that can be enchanted.
Robin hits you with a +0 short sword.
* * * LOW HITPOINT WARNING * * *
Robin says, "Bow before me, strongest of all the hobgoblins!"
Robin is pulled toward you!
There is an escape hatch in the ceiling here.
Robin closely misses you. A mysterious force pulls you upwards.
The hatch slams shut behind you.
You feel less attractive to monsters. Robin misses you.
Casting: Foxfire (safe; 4% risk of failure)
Press: ? - help, Q - select action, (/) - cycle Dir - look around, f - activate You feel a surge of power!
You conjure some foxfire!
* * * LOW HITPOINT WARNING * * *
Robin misses you.
The foxfire hits Robin.
Robin is heavily wounded.
The foxfire hits Robin.
Robin is almost dead.
Casting: Foxfire (safe; 4% risk of failure)
Press: ? - help, Q - select action, (/) - cycle Dir - look around, f - activate You feel a surge of power!
You conjure some foxfire!
* * * LOW HITPOINT WARNING * * *
Robin hits you with a +0 short sword!
You die...

#.........................
#.###.######.##.#.####.###
###.###.######.##.#.# #.###
######..>................####.##.
.........###.######.##.#......##.
.........#.....).##.##.#.........
.........#.......##.##.#......##.
.........#.....gv...##.#....####.
######)###....§.@#####.##...#>###
#.# #####.v.....#......#....
######.#######.#####.####...#.###
....##"..).....#...#.# #...#'#..
......##########.#.#.# #...#...#
....#.#........#.#...####...##.##
....#.#.#.####.#........#.#.##.#
....#.#.#......#..........#..#.#
....#.#........#........#.#..#.#


You could see Robin (ally target).

Vanquished Creatures
  A dart slug (D:1)
  2 bats
  2 endoplasms
  A giant cockroach (D:1)
  9 goblins
  8 hobgoblins
  A quokka (D:2)
  8 ball pythons
  2 frilled lizards
  A kobold (D:1)
  3 rats (D:1)
38 creatures vanquished.

Vanquished Creatures (others)
  122 foxfires
122 creatures vanquished.

Grand Total: 160 creatures vanquished

Notes
Turn   | Place    | Note
-------+----------+-------------------------------------------
     0 | D:1      | robertstho the Djinni Fire Elementalist began the quest for
                  | the Orb.
     0 | D:1      | Reached XP level 1. HP: 15/15 MP: 0/0
   425 | D:1      | Reached XP level 2. HP: 17/21 MP: 0/0
   877 | D:1      | Reached skill level 3 in Spellcasting
   879 | D:1      | Reached XP level 3. HP: 14/25 MP: 0/0
   879 | D:1      | Learned a level 1 spell: Shock
  1486 | D:2      | Noticed Robin
  1550 | D:1      | Slain by Robin

Illustrated notes

Levels and vault maps discovered:
D:1:      amcnicky_arrival_choice, layout_basic, nrook_mini_vaults
D:2:      layout_loops_cross, ebering_ecumenical_altar_hall, grunt_ministairs_4,
          minivault_25, minmay_tiny_reverse_x, uniq_robin

Skill      XL: |  1  2 |
---------------+-------+-----
Spellcasting   | 3 |  3.3
Fighting       | |  0.2
Dodging        | |  2.4
Stealth        | |  1.7

Action                   || total
-------------------------++-------
 Cast: Foxfire           ||    79
  Use: Potion            ||     2
       Scroll            ||     1
Armor: Robe              ||     5
Dodge: Dodged            ||    18

Table legend: (Time is in decaauts)
 A = Elapsed time spent in this place.
 B = Non-inter-level travel time spent in this place.
 C = Inter-level travel time spent in this place.
 D = Time resting spent in this place.
 E = Time spent auto-exploring this place.
 F = Levels seen in this place.
 G = Mean time per level.
                   A        B        C        D        E       F      G
               +--------+--------+--------+--------+--------+-----+--------+
         Total |   1549 |   1541 |      8 |      0 |   1335 |   2 |  774.5 |
       Dungeon |   1549 |   1541 |      8 |      0 |   1335 |   2 |  774.5 |
               +--------+--------+--------+--------+--------+-----+--------+

Top non-repeatable levels by time:
     D:1: 1226 daAuts
     D:2: 323 daAuts
